 Dungeon Crawl Stone Soup version 0.24-a0-335-g06ca16a (webtiles) character file.

Game seed: 9729714105358342104

1013 Hylith the Cudgeler (level 8, 0/70 HPs)
             Began as a Troll Fighter on May 19, 2019.
             Was a Follower of Hepliaklqana.
             Slain by a hippogriff (4 damage)
             ... on level 5 of the Dungeon.
             The game lasted 00:10:59 (3207 turns).

Hylith the Cudgeler (Troll Fighter)                 Turns: 3207, Time: 00:11:00

Health: 0/70       AC:  7    Str: 34    XL:     8   Next: 1%
Magic:  8/8        EV:  9    Int:  4    God:    Hepliaklqana [*.....]
Gold:   195        SH:  0    Dex:  9    Spells: 7/7 levels left

rFire    . . .     SeeInvis .   b - +3 mace (holy)
rCold    . . .     Gourm    +   c - +0 shield
rNeg     + . .     Faith    .   u - +1 robe {rN+}
rPois    .         Spirit   .   (helmet restricted)
rElec    .         Reflect  .   (no cloak)
rCorr    .         Harm     .   (gloves unavailable)
MR       .....                  (boots unavailable)
Stlth    +.........             i - amulet of magic regeneration
HPRegen  0.61/turn              q - +2 ring of strength
MPRegen  0.36/turn              (no ring)

@: confused, mighty, lethally poisoned (0 -> 0)
A: large, unfitting armour, reduced essence, claws 3, fast metabolism 3,
gourmand, regeneration 1, shaggy fur 1, tough skin 3
a: Recall Ancestor, Ancestor Identity, Renounce Religion


You were on level 5 of the Dungeon.
You worshipped Hepliaklqana.
Hepliaklqana was aware of your devotion.
You were very full.

You visited 1 branch of the dungeon, and saw 5 of its levels.

You collected 195 gold pieces.

Inventory:

Hand Weapons
 a - a +0 flail
 b - a +3 mace of holy wrath (weapon)
Armour
 c - a +0 shield (worn)
 u - a +1 robe of positive energy (worn)
Jewellery
 i - an amulet of magic regeneration (around neck)
 q - a +2 ring of strength (left claw)
 x - an uncursed ring of poison resistance {unknown}
Wands
 r - a wand of flame (2)
 v - a wand of iceblast (5)
 w - a wand of polymorph (8)
Scrolls
 e - 5 scrolls of teleportation {unknown}
 h - a scroll of remove curse {unknown}
 j - a scroll of immolation {unknown}
 k - 6 scrolls of identify {unknown}
 y - a scroll of enchant weapon {unknown}
Potions
 d - a potion of might
 g - a potion of ambrosia
 l - a potion of cancellation {unknown}
 m - 2 potions of curing {unknown}
 n - a potion of magic {unknown}
 o - a potion of flight {unknown}
 p - a potion of haste {unknown}
 s - a potion of agility {unknown}
Comestibles
 f - 11 rations
 t - 9 chunks of flesh


   Skills:
 + Level 4.3 Fighting
 * Level 5.8 Maces & Flails
 - Level 3.0 Dodging
 + Level 4.3 Shields
 + Level 1.6 Evocations


You had 7 spell levels left.
You didn't know any spells.
Your spell library was empty.

Dungeon Overview and Level Annotations

Branches:
Dungeon (5/15)
 Temple: D:4-7

Altars:
Cheibriados
Elyvilon
Gozag
Hepliaklqana
Ru
Trog
Wu Jian


Innate Abilities, Weirdness & Mutations

You are too large for most types of armour.
You have claws for hands.
Your metabolism is lightning-fast.
You like to eat raw meat.
Your natural rate of healing is unusually fast.
You are covered in fur. (AC +1)
You have extremely tough skin. (AC +3)
Your life essence is reduced to manifest your ancestor. (-10% HP)


Message History

You sock the hippogriff!
The hippogriff is heavily wounded.
The hippogriff barely misses you. The hippogriff pecks you.
* * * LOW HITPOINT WARNING * * *
The hippogriff claws you.
* * * LOW HITPOINT WARNING * * *
You thump the hippogriff!
The hippogriff is almost dead.
You feel sick.
The hippogriff bites you but does no damage.
The hippogriff pecks you.
* * * LOW HITPOINT WARNING * * *
The hippogriff claws you.
* * * LOW HITPOINT WARNING * * *
It was a potion of ambrosia.
You are confused.
You feel invigorated. The hippogriff bites you.
* * * LOW HITPOINT WARNING * * *
The hippogriff pecks you.
You die...

#.# ....##.# #
#.####.###.####### +#
#.#.#...............
....#.#.#.##.##.########
..............#.########
.....#.#.......).......
... #.#.....#Z######## .
#†#.....#.# #@#.....#.#
#H#....##.# #S#........
.H......#....##.#
#S......#........
#.##.##.#....# #.
#.#..... # #..#.... .##


You could see a hippogriff and an adder.

Vanquished Creatures
  3 ogres
  A crimson imp (D:5)
  A bullfrog zombie (D:5)
  A hound (D:5)
  4 orc wizards
  4 orc priests (D:3)
  Jessica (D:3)
  Ijyb (D:3)
  2 worker ants
  5 adders
  An ooze (D:3)
  3 worms (D:2)
  A dart slug (D:4)
  15 orcs
  4 giant cockroaches
  4 goblins
  6 hobgoblins
  2 jackals (D:2)
  10 kobolds
  A quokka (D:3)
  7 bats
  6 frilled lizards
  5 rats
88 creatures vanquished.

Vanquished Creatures (collateral kills)
  Sigmund (D:3)
  A scorpion (D:4)
  An orc (D:3)
3 creatures vanquished.

Vanquished Creatures (others)
  An ancestor (D:5)
1 creature vanquished.

Grand Total: 92 creatures vanquished

Notes
Turn   | Place    | Note
-------+----------+-------------------------------------------
     0 | D:1      | Hylith the Troll Fighter began the quest for the Orb.
     0 | D:1      | Reached XP level 1. HP: 22/22 MP: 0/0
   138 | D:1      | Reached skill level 2 in Maces & Flails
   224 | D:1      | Reached XP level 2. HP: 28/29 MP: 1/1
   676 | D:2      | Reached XP level 3. HP: 28/36 MP: 2/2
   985 | D:2      | Found a white marble altar of Elyvilon.
   992 | D:2      | Noticed an ogre
  1091 | D:2      | Killed an ogre
  1091 | D:2      | Reached skill level 3 in Maces & Flails
  1091 | D:2      | Reached XP level 4. HP: 19/45 MP: 3/3
  1236 | D:2      | Reached XP level 5. HP: 41/53 MP: 4/4
  1428 | D:2      | Found a faded altar of an unknown god.
  1634 | D:3      | Found a hazy altar of Hepliaklqana.
  1703 | D:3      | Reached skill level 4 in Maces & Flails
  1781 | D:3      | Reached XP level 6. HP: 59/61 MP: 5/5
  1793 | D:3      | Noticed Ijyb
  1798 | D:3      | Found a snail-covered altar of Cheibriados.
  1812 | D:3      | Killed Ijyb
  1819 | D:3      | Found an opulent altar of Gozag.
  1878 | D:3      | Found a sacrificial altar of Ru.
  1880 | D:3      | Found a bloodstained altar of Trog.
  1887 | D:3      | Found an ornate altar of the Wu Jian Council.
  2002 | D:3      | Became a worshipper of Hepliaklqana the Forgotten
  2096 | D:3      | Noticed Sigmund
  2106 | D:3      | Killed Sigmund
  2135 | D:3      | Noticed Jessica
  2140 | D:3      | Killed Jessica
  2265 | D:3      | Reached XP level 7. HP: 37/61 MP: 6/6
  2593 | D:4      | Reached skill level 5 in Maces & Flails
  2691 | D:4      | Reached * piety under Hepliaklqana
  2853 | D:4      | Reached skill level 1 in Evocations
  3113 | D:5      | Entered Level 5 of the Dungeon
  3186 | D:5      | Noticed a hippogriff
  3198 | D:5      | Reached XP level 8. HP: 51/70 MP: 8/8
  3207 | D:5      | Slain by a hippogriff

Levels and vault maps discovered:
D:1:      minmay_arrival_open_corners, layout_loops_ring
D:2:      layout_basic, elyvilon_altar_3, chequers_ecumenical_altar_simple,
          minmay_misc_feat_room
D:3:      layout_basic, old_standard_altar, minmay_overflow_temple_star_hex,
          grunt_ministairs_2, uniq_jessica, uniq_sigmund, uniq_ijyb
D:4:      layout_loops_cross, first_ration
D:5:      layout_basic, kennysheep_little_box, makhleb_heckhound_becter,
          serial_shops, shop_statue, okawaru_metal_pillars_1_2, uniq_pikel,
          uniq_duvessa, uniq_menkaure

Skill      XL: |  1  2  3  4  5  6  7 |
---------------+----------------------+-----
Maces & Flails | 2 3 4 5 |  5.8
Fighting       | 3 4 |  4.3
Dodging        | 3 |  3.0
Shields        | 3 4 |  4.3
Evocations     | 1 |  1.6

Action                   |  1- 3 |  4- 6 |  7- 9 || total
-------------------------+-------+-------+-------++-------
Melee: Flail             |   113 |   161 |     6 ||   280
       Mace              |       |       |    71 ||    71
Invok: Ancestor Identity |       |       |     1 ||     1
Evoke: Wand              |       |       |     2 ||     2
  Use: Potion            |       |       |     2 ||     2
 Stab: Sleeping          |       |       |     1 ||     1
  Eat: Chunk             |    13 |    14 |     8 ||    35
Armor: Robe              |    57 |    63 |    20 ||   140
Dodge: Dodged            |    49 |    67 |    29 ||   145
Block: Shield            |    77 |    71 |    37 ||   185

Table legend:
 A = Non-vault XP
 B = Vault XP
 C = Vault XP percentage of total XP
 D = Non-vault monster count
 E = Vault monster count
 F = Vault count percentage of total count
                 A         B        C        D         E       F
            +---------+---------+-------+---------+---------+-------
      Total |    1117 |     331 |  22.9 |      85 |       6 |   6.6
            +---------+---------+-------+---------+---------+-------
        D:1 |      18 |       0 |   0.0 |      12 |       0 |   0.0
        D:2 |     198 |       0 |   0.0 |      26 |       0 |   0.0
        D:3 |     275 |     289 |  51.2 |      28 |       5 |  15.2
        D:4 |     254 |       0 |   0.0 |      14 |       0 |   0.0
        D:5 |     372 |      42 |  10.1 |       5 |       1 |  16.7
            +---------+---------+-------+---------+---------+-------
